 Dungeon Crawl Stone Soup version 0.22-a0-161-g198051c (webtiles) character file.

27 Gildeon the Chopper (level 2, 0/26 HPs)
             Began as a Minotaur Fighter on Feb 11, 2018.
             Slain by a sky beast (1 damage)
             ... on level 2 of the Dungeon.
             The game lasted 00:02:00 (541 turns).

Gildeon the Chopper (Minotaur Fighter)               Turns: 541, Time: 00:02:00

Health: 0/26       AC:  6    Str: 20    XL:     2   Next: 93%
Magic:  1/1        EV:  7    Int:  5    God:
Gold:   17         SH:  9    Dex:  9    Spells: 1/1 levels left

rFire    . . .     SeeInvis .   a - +0 war axe
rCold    . . .     Gourm    .   c - +0 shield
rNeg     . . .     Faith    .   b - +0 scale mail
rPois    .         Spirit   .   (helmet restricted)
rElec    .         Reflect  .   (no cloak)
rCorr    .         Harm     .   (no gloves)
MR       .....                  (no boots)
Stlth    ..........             (no amulet)
HPRegen  0.08/turn              (no ring)
MPRegen  0.07/turn              (no ring)

@: no status effects
A: retaliatory headbutt, horns 2
a: no special abilities


You were on level 2 of the Dungeon.
You were not hungry.

You visited 1 branch of the dungeon, and saw 2 of its levels.

You collected 17 gold pieces.

Inventory:

Hand Weapons
 a - a +0 war axe (weapon)
Armour
 b - a +0 scale mail (worn)
 c - a +0 shield (worn)
Scrolls
 e - a scroll of amnesia {unknown}
 h - 2 scrolls of blinking {unknown}
Potions
 d - a potion of might
Comestibles
 f - 2 rations
 g - a chunk of flesh


   Skills:
 - Level 3.6 Fighting
 + Level 4.2 Axes
 - Level 3.6 Armour
 - Level 3.6 Shields


You had one spell level left.
You didn't know any spells.

Dungeon Overview and Level Annotations

Branches:
Dungeon (2/15)

Altars:


Innate Abilities, Weirdness & Mutations

You reflexively headbutt those who attack you in melee.
You have a pair of horns on your head.


Message History

You kill the giant cockroach!
You see here a giant cockroach corpse.
You butcher the giant cockroach corpse.
g - a chunk of flesh
Found a leather armour.
The sky beast hits you but does no damage.
You closely miss the sky beast.
The sky beast flickers out of sight!
Deactivating autopickup; reactivate with Ctrl-A.
Something hits you but does no damage.
You completely miss something. Something hits you but does no damage.
Something hits you. Something shocks you.
You barely miss something. Your headbutt misses something. Something hits you.
Something shocks you.
You miss something. Something hits you.
* * * LOW HITPOINT WARNING * * *
Something shocks you.
* * * LOW HITPOINT WARNING * * *
Something hits you but does no damage.
You miss something. Something hits you.
You die...

##########.#
#..(...)...#
#######..........+
.................#
.................#
......)..{.......#
.........@...$...#
[..........<.....#
........##########
#####...#
###.#######
#.......#
#######)#######+####
#.............
###...........


There were no monsters in sight!

Vanquished Creatures
  2 leopard geckos
  A bat (D:2)
  2 giant cockroaches
  2 goblins
  A hobgoblin (D:2)
  7 jackals (D:1)
  3 kobolds (D:1)
  A frilled lizard (D:1)
19 creatures vanquished.

Notes
Turn   | Place    | Note
-------+----------+-------------------------------------------
     0 | D:1      | Gildeon the Minotaur Fighter began the quest for the Orb.
     0 | D:1      | Reached XP level 1. HP: 19/19 MP: 0/0
    12 | D:1      | Reached skill level 3 in Axes
    29 | D:1      | Reached XP level 2. HP: 9/26 MP: 1/1
   314 | D:2      | Noticed a sky beast
   504 | D:1      | You fall through a shaft!
   505 | D:2      | Reached skill level 4 in Axes
   540 | D:2      | HP: 1/26 [something (6)]
   541 | D:2      | Slain by a sky beast

Vault maps used:
D:1:      lemuel_arrival_rhombus
D:2:      first_ration

Skill      XL: |  1  2 |
---------------+-------+-----
Axes           | 3 4 |  4.2
Fighting       | |  3.6
Armour         | |  3.6
Shields        | |  3.6

Action                   || total
-------------------------++-------
Melee: War axe           ||    49
       Headbutt          ||     7
Armor: Scale mail        ||    22
Dodge: Dodged            ||    16
Block: Shield            ||    32

Table legend:
 A = Spawn XP
 B = Non-spawn XP
 C = Spawn XP percentage of total XP
 D = Spawn monster count
 E = Non-spawn monster count
 F = Spawn count percentage of total count
 G = Total turns spent on level
                    A         B        C        D         E        F      G
               +---------+---------+-------+---------+---------+-------+---------
         Total |       0 |      39 |   0.0 |       0 |      19 |   0.0 |   541
               +---------+---------+-------+---------+---------+-------+---------
           D:1 |       0 |      28 |   0.0 |       0 |      14 |   0.0 |   500
           D:2 |       0 |      11 |   0.0 |       0 |       5 |   0.0 |    41
               +---------+---------+-------+---------+---------+-------+---------
